 Dungeon Crawl Stone Soup version 0.30-a0-4-ga7cffc901d (webtiles) character file.

Game seed: 16262403722066218684

180 Armakuni the Stinger (level 6, 0/37 (51) HPs)
             Began as a Meteoran Wanderer on Aug 21, 2022.
             Succumbed to a kobold's poison
             ... on level 3 of the Dungeon.
             The game lasted 00:09:56 (2567 turns).

Armakuni the Stinger (Meteoran Wanderer)            Turns: 2567, Time: 00:09:56

HP:   0/37 (51)     AC:  6    Str: 13 (15) XL:     6   Next: 15%
MP:   9/9           EV: 11    Int: 18 (19) God:
Gold: 40            SH:  0    Dex:  9 (12) Spells: 3/7 levels left

rFire   . . .      SeeInvis .    a - +1 quarterstaff (speed)
rCold   . . .      Faith    .    (shield currently unavailable)
rNeg    . . .      Spirit   .    e - +0 leather armour
rPois   .          Reflect  .    g - +1 helmet {Int+3}
rElec   .          Harm     .    (no cloak)
rCorr   .          Rampage  .    (no gloves)
Will    +....                    k - +0 pair of boots
Stlth   +.........               (no amulet)
HPRegen 0.12/turn                L - ring of flight
MPRegen 0.11/turn                W - ring of willpower

@: lethally poisoned (0 -> -1), flying, glowing, very heavily drained, bezotted
A: sense surroundings 1, otherworldly, glowing, explore regen
a: no special abilities


You were on level 3 of the Dungeon.
You visited 1 branch of the dungeon, and saw 4 of its levels.

You collected 229 gold pieces.
You spent 189 gold pieces at shops.

Inventory:

Hand Weapons
 a - a +1 quarterstaff of speed (weapon)
 c - a +0 dagger
Missiles
 b - 16 poisoned darts
Armour
 e - a +0 leather armour (worn)
 g - a +1 helmet of intelligence (worn)
 k - a +0 pair of boots (worn)
Jewellery
 J - a ring of ice
 L - a ring of flight (left hand)
 W - a ring of willpower (right hand)
Scrolls
 h - a scroll of teleportation
 j - a scroll of poison
 l - a scroll of fear
Potions
 d - a potion of haste
 f - a potion of magic
 i - a potion of brilliance


   Skills:
 - Level 3.0 Fighting
 - Level 3.2 Short Blades
 + Level 2.2 Staves
 - Level 2.4 Throwing
 - Level 1.2 Armour
 - Level 1.1 Dodging
 - Level 1.3 Spellcasting
 - Level 3.5 Transmutations
 - Level 3.5 Poison Magic


You had 3 spell levels left.
You knew the following spells:

 Your Spells              Type           Power      Damage    Failure   Level
h - Spider Form           Tmut/Pois      13%        N/A       17%         3
z - Sting                 Tmut/Pois      52%        1d5       6%          1

Your spell library contained the following spells:

 Spells                   Type           Power      Damage    Failure   Level


Dungeon Overview and Level Annotations

Branches:
Dungeon (4/15) Zot: 37
 Temple: D:4-7

Altars:
Dithmenos
Qazlal
Vehumet

Shops:
D:1 :   D:4 (

Annotations:
D:4 Grinder


Innate Abilities, Weirdness & Mutations

You passively map a small area around you.
You are easily found by Zot.
You glow in the dark.
You regain HP and MP as you explore.


Message History

The gnoll hits you from afar with a +0 spear.
The gnoll misses you.
You hit the gnoll.
You kill the gnoll!
A kobold comes into view.
It is wielding a +0 club and quivering poisoned darts.
The gnoll closely misses you.
You feel your strength returning.
Your Staves skill increases to level 2!
The kobold shouts!
You hear a shout! x2
The gnoll hits you with a +0 spear.
You barely miss the gnoll. The gnoll misses you.
The ufetubus shouts!
You hit the gnoll.
The gnoll is heavily wounded.
You barely miss the gnoll.
The gnoll is heavily wounded.
The gnoll hits you with a +0 spear. The kobold attacks as you move away!
The kobold misses you.
The gnoll hits you from afar with a +0 spear.
* * * LOW HITPOINT WARNING * * *
The kobold throws a poisoned dart.
The poisoned dart hits you!
You are poisoned.
There is a stone staircase leading up, spattered with blood here.
You feel sick. The gnoll hits you but does no damage.
The ufetubus closely misses you. x2
You fly upwards.
You feel sick.
There is a stone staircase leading down, spattered with blood here.
You hit the ufetubus.
The ufetubus is heavily wounded.
You feel sick. The ufetubus barely misses you. The ufetubus hits you.
* * * LOW HITPOINT WARNING * * *
You hit the ufetubus.
The ufetubus is severely wounded.
You feel sick.
The ufetubus hits you but does no damage.
The ufetubus hits you.
* * * LOW HITPOINT WARNING * * *
You hit the ufetubus.
You kill the ufetubus!
You die...

.....#######.########...# #####
...........[.#..........# #
.....#########.#####.#.##########
.....# #.##...............#
.....# #.#.......#####..)..
.....# ##.#..##.#######.##.#
###### #..)..........##.##..
###.....#.#####.##.###.
#.....@.#.####*.##.# .
#.#....).....##.##.# #
###.........^.....#######
#.................# #..
#.#...............#####..
#.#.......#..........##..
#.##.#...##.......##.....
#.##.##.###.<.....# *##..
#.......# #.....(.# #..


There were no monsters in sight!

Vanquished Creatures
  Robin (D:1)
  3 gnolls
  6 adders
  An ufetubus (D:3)
  2 worms (D:2)
  2 dart slugs (D:1)
  3 orcs
  8 ball pythons
  5 bats
  12 endoplasms
  A giant cockroach (D:1)
  10 goblins
  9 hobgoblins
  A quokka (D:1)
  2 frilled lizards (D:1)
  2 kobolds
  3 rats
71 creatures vanquished.

Notes
Turn   | Place    | Note
-------+----------+-------------------------------------------
     0 | D:1      | Armakuni the Meteoran Wanderer began the quest for the Orb.
     0 | D:1      | Armakuni set off with the following items: a +2 short
                  | sword, 12 poisoned darts, a +0 dagger, a potion of haste, a
                  | +0 leather armour; and the following spell memorised:
                  | Sting; and the following spells available to memorise:
                  | Spider Form.
     0 | D:1      | Reached XP level 1. HP: 16/16 MP: 3/3
    79 | D:1      | Reached XP level 2. HP: 18/23 MP: 0/5
   176 | D:1      | Reached skill level 1 in Transmutations
   339 | D:1      | Reached XP level 3. HP: 16/29 MP: 1/6
   500 | D:1      | Glimpsed the power of Zot.
   550 | D:1      | Glimpsed the power of Zot.
   637 | D:1      | Found Goofuenu's Book Shoppe.
   667 | D:1      | Learned a level 3 spell: Spider Form
  1100 | D:1      | Glimpsed the power of Zot.
  1150 | D:2      | Glimpsed the power of Zot.
  1294 | D:2      | Identified a scroll of acquirement
  1294 | D:2      | Acquired a +1 helmet of intelligence
  1345 | D:2      | Found a stormy altar of Qazlal.
  1463 | D:3      | Reached XP level 4. HP: 32/36 MP: 0/7
  1637 | D:2      | Noticed Robin
  1688 | D:1      | Reached XP level 5. HP: 36/42 MP: 0/8
  1771 | D:1      | Killed Robin
  2198 | D:2      | Reached skill level 1 in Dodging
  2299 | D:3      | Glimpsed the power of Zot.
  2327 | D:4      | Found Nounicis's Antique Weapon Shoppe.
  2332 | D:4      | Bought a runed quarterstaff for 189 gold pieces
  2351 | D:4      | Glimpsed the power of Zot.
  2353 | D:4      | Noticed Grinder
  2366 | D:4      | Found a shadowy altar of Dithmenos.
  2392 | D:4      | Glimpsed the power of Zot.
  2402 | D:4      | Touched by the power of Zot.
  2451 | D:3      | Reached skill level 1 in Staves
  2451 | D:3      | Reached XP level 6. HP: 19/34 MP: 9/9
  2502 | D:3      | Glimpsed the power of Zot.
  2505 | D:3      | Found a radiant altar of Vehumet.
  2553 | D:4      | Glimpsed the power of Zot.
  2566 | D:3      | HP: 1/37 [ufetubus (2)]
  2567 | D:3      | Succumbed to a kobold's poison

Illustrated notes

Levels and vault maps discovered:
D:1:      minmay_arrival_doors, layout_loops_cross, serial_shops,
          nicolae_shop_advertising_works [nicolae_subvault_shop_adworks],
          serial_forest, infiniplex_forest_end_3, infiniplex_forest_zigzag_1,
          infiniplex_forest_straight_5, infiniplex_forest_end_2
D:2:      layout_basic, basic_altar, st_stairs_13, minmay_statues_item,
          uniq_robin
D:3:      layout_loops_cross, nicolae_overflow_crystal_walls,
          hellmonk_ecumenical_altar_watching_god
D:4:      layout_loops_cross, nicolae_dithmenos_through_a_glass_darkly,
          mainiacjoe_overflow_swirl, serial_shops, shop_fountains, uniq_grinder,
          uniq_sigmund, uniq_natasha

Skill      XL: |  1  2  3  4  5  6 |
---------------+-------------------+-----
Transmutations | 1 2 3 |  3.5
Poison Magic   | 3 |  3.5
Fighting       | 2 3 |  3.0
Dodging        | 1 |  1.1
Staves         | 1 2 |  2.2
Short Blades   | |  3.2
Throwing       | |  2.4
Armour         | |  1.2
Spellcasting   | |  1.3

Action                   |  1- 3 |  4- 6 || total
-------------------------+-------+-------++-------
Melee: Short sword       |    37 |    23 ||    60
       Punch             |     1 |       ||     1
       Unarmed           |       |    18 ||    18
       Quarterstaff      |       |    38 ||    38
 Cast: Sting             |    44 |    58 ||   102
       Spider Form       |       |     1 ||     1
  Use: Scroll            |     6 |     4 ||    10
       Potion            |       |     3 ||     3
Armor: Leather armour    |    23 |    43 ||    66
       Skin              |       |     2 ||     2
Dodge: Dodged            |    30 |    85 ||   115

Table legend: (Time is in decaauts)
 A = Elapsed time spent in this place.
 B = Non-inter-level travel time spent in this place.
 C = Inter-level travel time spent in this place.
 D = Time resting spent in this place.
 E = Time spent auto-exploring this place.
 F = Levels seen in this place.
 G = Mean time per level.
                   A        B        C        D        E       F      G
               +--------+--------+--------+--------+--------+-----+--------+
         Total |   2563 |   2408 |    155 |    353 |   1172 |   4 |  640.8 |
       Dungeon |   2563 |   2408 |    155 |    353 |   1172 |   4 |  640.8 |
               +--------+--------+--------+--------+--------+-----+--------+

Top non-repeatable levels by time:
     D:1: 1317 daAuts
     D:2: 752 daAuts
     D:3: 396 daAuts
     D:4: 96 daAuts
